 Dungeon Crawl Stone Soup version 0.30-a0-830-gfe289a77b0 (webtiles) character file.

Game seed: 7758824778022679972

193 lunkers the Gusty (level 6, -5/45 HPs)
             Began as a Meteoran Wanderer on Feb 28, 2023.
             Was an Initiate of Ashenzari.
             Slain by a wyvern zombie (11 damage)
             ... on level 5 of the Dungeon.
             The game lasted 00:05:28 (2335 turns).

lunkers the Gusty (Meteoran Wanderer)               Turns: 2335, Time: 00:05:29

Health: -5/45      AC:  3    Str: 12    XL:     6   Next: 23%
Magic:  0/12       EV: 11    Int: 22    God:    Ashenzari [......]
Gold:   260        SH:  0    Dex: 15    Spells: 7/12 levels left

rFire   . . .      SeeInvis .    a - +0 rapier
rCold   . . .      Faith    .    (no shield)
rNeg    . . .      Spirit   .    c - +0 robe
rPois   .          Reflect  .    (no helmet)
rElec   .          Harm     .    b - +0 cloak
rCorr   .          Rampage  .    (no gloves)
Will    .....                    (no boots)
Stlth   +                        (no amulet)
HPRegen 0.27/turn                r - +6 ring of intelligence
MPRegen 0.13/turn                (no ring)

@: glowing
A: sense surroundings 1, otherworldly, glowing, explore regen
a: Renounce Religion


You were on level 5 of the Dungeon.
You worshipped Ashenzari.
Ashenzari was noncommittal.
You visited 2 branches of the dungeon, and saw 6 of its levels.

You collected 260 gold pieces.

Inventory:

Hand Weapons
 a - a +0 rapier (weapon)
 h - a +0 dagger
 s - a +1 morningstar of flaming
Armour
 b - a +0 cloak (worn)
 c - a +0 robe (worn)
 m - a +0 buckler
Magical Staves
 p - a staff of death
Jewellery
 r - a +6 ring of intelligence (left hand)
Scrolls
 i - 2 scrolls of teleportation {unknown}
 j - a scroll of enchant armour {unknown}
 k - a scroll of vulnerability {unknown}
 l - 2 scrolls of identify {unknown}
 n - a scroll of magic mapping {unknown}
 o - a scroll of fear {unknown}
 q - a scroll of brand weapon {unknown}
 t - a scroll of poison {unknown}
Potions
 d - 2 potions of curing
 e - a potion of attraction {unknown}
 f - 2 potions of lignification {unknown}
 g - a potion of haste {unknown}


   Skills:
 - Level 2.1 Stealth
 + Level 3.6 Spellcasting
 - Level 3.0 Conjurations
 * Level 5.6 Air Magic
 - Level 1.2 Invocations
 - Level 2.4 Evocations


You had 7 spell levels left.
You knew the following spells:

 Your Spells              Type           Power      Damage    Failure   Level
a - Shock                 Conj/Air       88%        1d8       1%          1
b - Airstrike             Air            14%        2d(2-18)  12%         4

Your spell library contained the following spells:

 Spells                   Type           Power      Damage    Failure   Level
 Swiftness                Air            28%        N/A       3%          3
 Call Canine Familiar     Summ           3%         N/A       34%         3
 Portal Projectile        Hex/Tloc       6%         N/A       34%         3
 Leda's Liquefaction      Hex/Erth       1%         N/A       75%         4


Dungeon Overview and Level Annotations

Branches:
Dungeon (5/15) Zot: 815    Temple (1/1) D:4 Zot: 446

Altars:
Ashenzari
Cheibriados
Elyvilon
Fedhas
Gozag
Kikubaaqudgha
Makhleb
Nemelex Xobeh
Okawaru
Qazlal
Sif Muna
Zin

Shops:
D:4 *

Annotations:
D:2 Terence


Innate Abilities, Weirdness & Mutations

You passively map a small area around you.
You are easily found by Zot.
You glow in the dark.
You regain HP and MP as you explore.


Message History

* * * LOW MAGIC WARNING * * *
Aiming: Shock (safe; 1% risk of failure)
Press: ? - help, Q - select action Shift-Dir - straight line, f/p - wyvern zombie
Aim: a wyvern zombie (moderately damaged, 91% to hit)
The zap hits the wyvern zombie!
The wyvern zombie is heavily damaged.
* * * LOW MAGIC WARNING * * *
The wyvern zombie bites you! The wyvern zombie closely misses you.
Aiming: Shock (safe; 1% risk of failure)
Press: ? - help, Q - select action Shift-Dir - straight line, f/p - wyvern zombie
Aim: a wyvern zombie (heavily damaged, 91% to hit)
The zap hits the wyvern zombie.
The wyvern zombie is heavily damaged.
The zap hits the wyvern zombie.
The wyvern zombie is heavily damaged.
* * * LOW MAGIC WARNING * * *
The wyvern zombie closely misses you. The wyvern zombie bites you!
* * * LOW HITPOINT WARNING * * *
You aren't carrying any items that you can evoke.
You hit the wyvern zombie.
The wyvern zombie is severely damaged.
The wyvern zombie bites you.
* * * LOW HITPOINT WARNING * * *
Aiming: Shock (safe; 1% risk of failure)
Press: ? - help, Q - select action Shift-Dir - straight line, f/p - wyvern zombie
Aim: a wyvern zombie (severely damaged, 91% to hit)
The zap hits the wyvern zombie!
The wyvern zombie is severely damaged.
The zap hits the wyvern zombie but does no damage.
The wyvern zombie is severely damaged.
* * * LOW MAGIC WARNING * * *
The wyvern zombie bites you!
* * * LOW HITPOINT WARNING * * *
The wyvern zombie barely misses you.
Unknown command.
You hit the wyvern zombie.
The wyvern zombie is almost destroyed.
The wyvern zombie bites you!
You die...

* .# .# ,
###.#### *
#......##
#.......# ,
#...8...## ,
* #.........
#
###.@....<+
+
#...Z....##,
# #.#......#
, ,
#.#...##.# ,
, * #.#.###
# #.#.# #+#
#.#.####.#
#.#
#........#
#.#
###.######
##.##


You could see a wyvern zombie.

Vanquished Creatures
  A scorpion (D:4)
  A bullfrog zombie (D:5)
  A centaur zombie (D:5)
  An adder (D:3)
  A white imp (D:4)
  An ufetubus (D:4)
  A worm (D:4)
  A dart slug (D:5)
  2 orcs
  3 bats (D:2)
  4 endoplasms
  2 giant cockroaches
  3 hobgoblins
  A quokka (D:2)
  7 ball pythons
  5 frilled lizards
  5 goblins
  4 kobolds
  2 rats (D:1)
46 creatures vanquished.

Vanquished Creatures (others)
  2 fungi (D:1)
  3 plants (D:1)
5 creatures vanquished.

Grand Total: 51 creatures vanquished

Notes
Turn   | Place    | Note
-------+----------+-------------------------------------------
     0 | D:1      | lunkers the Meteoran Wanderer began the quest for the Orb.
     0 | D:1      | lunkers set off with the following items: a +0 dagger, a +0
                  | cloak, a +0 robe, a potion of curing; and the following
                  | spell memorised: Shock; and the following spells available
                  | to memorise: Swiftness, Airstrike.
     0 | D:1      | Reached XP level 1. HP: 14/14 MP: 5/5
   153 | D:1      | Reached XP level 2. HP: 20/20 MP: 1/6
   184 | D:1      | Reached skill level 3 in Air Magic
   206 | D:1      | Reached skill level 1 in Conjurations
   208 | D:1      | Found a faded altar of an unknown god.
   581 | D:2      | Reached XP level 3. HP: 26/26 MP: 4/8
   898 | D:3      | Noticed Terence
  1252 | D:3      | Reached skill level 4 in Air Magic
  1360 | D:3      | Reached XP level 4. HP: 32/32 MP: 6/9
  1628 | D:4      | Found Lenwidis's Neck Hole.
  1888 | D:4      | Noticed a scorpion
  1899 | D:4      | Killed a scorpion
  1900 | D:4      | Reached skill level 5 in Air Magic
  1900 | D:4      | Reached XP level 5. HP: 31/38 MP: 3/10
  1918 | D:4      | Found a staircase to the Ecumenical Temple.
  1940 | Temple   | Entered the Ecumenical Temple
  2060 | Temple   | Became a worshipper of Ashenzari the Shackled
  2126 | D:4      | Learned a level 4 spell: Airstrike
  2139 | D:5      | Entered Level 5 of the Dungeon
  2281 | D:5      | Reached XP level 6. HP: 38/45 MP: 7/12
  2335 | D:5      | Slain by a wyvern zombie

Illustrated notes

Levels and vault maps discovered:
D:1:      lemuel_arrival_funnel, layout_basic,
          shapermc_ecumenical_altar_mp_urbaneastern, minmay_pentomino_r2
D:2:      layout_loops_corners
D:3:      layout_loops_ring, chequers_serial_rivers_micro_d, uniq_terence
D:4:      layout_basic, temple_statues, nicolae_shop_sticking_my_neck_out
D:5:      layout_loops_corners, mainiacjoe_overflow_boulevard, serial_undead,
          serial_undead_c, serial_undead_c, serial_undead_d, serial_undead_d,
          serial_undead_b, serial_undead_a,
          nicolae_concentric_dashed_squares_wild
Temple:   nicolae_temple_godzebo

Skill      XL: |  1  2  3  4  5 |
---------------+----------------+-----
Air Magic      | 3 4 5 |  5.6
Conjurations   | 1 2 3 |  3.0
Spellcasting   | 3 |  3.6
Stealth        | |  2.1
Invocations    | |  1.2
Evocations     | |  2.4

Action                     |  1- 3 |  4- 6 || total
---------------------------+-------+-------++-------
  Melee: Dagger            |     6 |       ||     6
         Rapier            |     4 |    12 ||    16
   Cast: Shock             |    84 |    56 ||   140
    Use: Scroll            |     1 |       ||     1
 Armour: Robe              |    17 |    17 ||    34
  Dodge: Dodged            |    18 |    17 ||    35

Table legend: (Time is in decaauts)
 A = Elapsed time spent in this place.
 B = Non-inter-level travel time spent in this place.
 C = Inter-level travel time spent in this place.
 D = Time resting spent in this place.
 E = Time spent auto-exploring this place.
 F = Levels seen in this place.
 G = Mean time per level.
                   A        B        C        D        E       F      G
               +--------+--------+--------+--------+--------+-----+--------+
         Total |   2337 |   2129 |    208 |      0 |   1753 |   6 |  389.5 |
       Dungeon |   2183 |   2008 |    175 |      0 |   1660 |   5 |  436.6 |
        Temple |    153 |    120 |     33 |      0 |     93 |   1 |  153.0 |
               +--------+--------+--------+--------+--------+-----+--------+

Top non-repeatable levels by time:
     D:2: 650 daAuts
     D:1: 573 daAuts
     D:3: 394 daAuts
     D:4: 367 daAuts
     D:5: 197 daAuts
  Temple: 153 daAuts
